 Dungeon Crawl Stone Soup version 0.18.1-48-g4cf74bf (webtiles) character file.

65 sudo the Skirmisher (level 3, -1/26 HPs)
             Began as a High Elf Fighter on June 29, 2016.
             Was a Believer of Makhleb.
             Slain by rjaguar3's ghost (5 damage)
             ... on level 3 of the Dungeon.
             The game lasted 00:01:47 (1591 turns).

sudo the Skirmisher (High Elf Fighter)              Turns: 1591, Time: 00:01:48

Health: -1/26      AC:  8    Str: 21    XL:     3   Next: 94%
Magic:  4/4        EV:  7    Int: 11    God:    Makhleb [**....]
Gold:   100        SH:  9    Dex: 15    Spells: 0 memorised, 2 levels left

rFire  . . .     SeeInvis .     a - +0 long sword
rCold  . . .     Gourm    .     b - +0 scale mail
rNeg   . . .     Faith    .     c - +0 shield
rPois  .         Spirit   .     n - +0 helmet
rElec  .         Dismiss  .     (no cloak)
rCorr  .         Reflect  .     (no gloves)
SustAt .         Harm     .     (no boots)
MR     .....                    (no amulet)
Stlth  ..........               (no ring)
                                (no ring)

@: mighty, not resistant to hostile enchantments, extremely unstealthy
A: no striking features
a: Minor Destruction, Renounce Religion


You were on level 3 of the Dungeon.
You worshipped Makhleb.
Makhleb was pleased with you.
You were not hungry.

You visited 1 branch of the dungeon, and saw 3 of its levels.

You collected 100 gold pieces.

Inventory:

Hand Weapons
 a - a +0 long sword (weapon)
Armour
 b - a +0 scale mail (worn)
 c - a +0 shield (worn)
 n - a +0 helmet (worn)
Scrolls
 e - 6 scrolls of identify
 l - a scroll of amnesia
 m - a scroll of teleportation
Potions
 h - 2 potions of invisibility
Comestibles
 f - 2 bread rations
 g - 2 chunks of flesh
 j - a meat ration


   Skills:
 + Level 3.6 Fighting
 * Level 3.4 Long Blades
 + Level 3.2 Armour
 + Level 1.0 Dodging
 - Level 2.6 Shields


You had 2 spell levels left.
You didn't know any spells.

Dungeon Overview and Level Annotations

Branches:
Dungeon (3/15)

Altars:
Cheibriados
Dithmenos
Gozag
Kikubaaqudgha
Makhleb
Zin

Annotations:
D:3 rjaguar3's ghost, amateur MiBe


Message History

Rjaguar3's ghost hits you!
You closely miss rjaguar3's ghost. Rjaguar3's ghost hits you.
You slash rjaguar3's ghost!
Rjaguar3's ghost is lightly damaged.
Rjaguar3's ghost hits you.
* * * LOW HITPOINT WARNING * * *
You slash rjaguar3's ghost!
Rjaguar3's ghost is moderately damaged.
Rjaguar3's ghost barely misses you.
Rjaguar3's ghost hits you but does no damage.
You slash rjaguar3's ghost!
Rjaguar3's ghost is severely damaged.
Rjaguar3's ghost hits you but does no damage.
Drink which item? (? for menu, Esc to quit)
Okay, then.
Okay, then.
You closely miss rjaguar3's ghost.
Rjaguar3's ghost is severely damaged.
Rjaguar3's ghost hits you.
You die...

#.....# .....
..... ...##
..... #...#
#W#.##
#######@#..###.#
#.......†......#
#.#####.##..####
#.# #.# .# #.#
#+# .# #.# # #.#
#.# #.#


You could see rjaguar3's ghost.

Vanquished Creatures
  An ooze (D:1)
  A worm (D:2)
  2 dart slugs
  4 orcs (D:3)
  2 giant cockroaches
  4 goblins
  7 hobgoblins
  3 jackals (D:2)
  A quokka (D:2)
  A ball python (D:3)
  6 bats (D:1)
  4 giant newts
  7 kobolds
  4 rats
47 creatures vanquished.

Notes
Turn   | Place    | Note
--------------------------------------------------------------
     0 | D:1      | sudo the High Elf Fighter began the quest for the Orb.
     0 | D:1      | Reached XP level 1. HP: 16/16 MP: 2/2
   135 | D:1      | Reached XP level 2. HP: 15/21 MP: 3/3
   574 | D:1      | Reached XP level 3. HP: 26/26 MP: 4/4
   828 | D:2      | Found a faded altar to an unknown god.
   840 | D:2      | Became a worshipper of Makhleb the Destroyer
   840 | D:2      | Reached * piety under Makhleb
  1002 | D:2      | Found a burning altar of Makhleb.
  1005 | D:2      | Found a glowing silver altar of Zin.
  1008 | D:2      | Found an opulent altar of Gozag.
  1078 | D:2      | Found a snail-covered altar of Cheibriados.
  1160 | D:2      | Found an ancient bone altar of Kikubaaqudgha.
  1173 | D:2      | Found an opulent altar of Gozag.
  1397 | D:2      | Found a shadowy altar of Dithmenos.
  1554 | D:3      | Reached ** piety under Makhleb
  1554 | D:3      | Reached skill level 1 in Dodging
  1581 | D:3      | Noticed rjaguar3's ghost (amateur MiBe)
  1591 | D:3      | Slain by rjaguar3's ghost

Skill      XL: |  1  2  3 |
---------------+----------+-----
Long Blades    | 3 |  3.4
Armour         | 3 |  3.2
Dodging        | 1 |  1.0
Fighting       | |  3.6
Shields        | |  2.6

Action                   || total
-------------------------++-------
Melee: Long sword        ||   142
  Use: Scroll            ||     6
       Potion            ||     1
  Eat: Chunk             ||     2
Armor: Scale mail        ||    76
Dodge: Dodged            ||    34
Block: Shield            ||    56
